 Dungeon Crawl Stone Soup version 0.22-a0-247-gbddf880 (webtiles) character file.

251 JeffiDaFish the Stinger (level 5, -4/38 HPs)
             Began as a Draconian Venom Mage on Feb 27, 2018.
             Slain by a centaur skeleton (7 damage)
             ... on level 4 of the Dungeon.
             The game lasted 00:09:54 (3808 turns).

JeffiDaFish the Stinger (Draconian Venom Mage)      Turns: 3808, Time: 00:09:54

Health: -4/38      AC:  5    Str: 10    XL:     5   Next: 88%
Magic:  10/10      EV: 12    Int: 17    God:
Gold:   168        SH:  0    Dex: 11    Spells: 5/11 levels left

rFire    . . .     SeeInvis .   b - +0 short sword
rCold    . . .     Gourm    .   (no shield)
rNeg     . . .     Faith    .   (armour unavailable)
rPois    .         Spirit   .   (helmet restricted)
rElec    .         Reflect  .   (no cloak)
rCorr    .         Harm     .   (no gloves)
MR       .....                  (no boots)
Stlth    ++........             (no amulet)
HPRegen  0.12/turn              (no ring)
MPRegen  0.12/turn              (no ring)

@: no status effects
A: unfitting armour, cold-blooded, AC +5
a: no special abilities


You were on level 4 of the Dungeon.
You were not hungry.

You visited 1 branch of the dungeon, and saw 4 of its levels.

You collected 168 gold pieces.

Inventory:

Hand Weapons
 b - a +0 short sword (weapon)
Jewellery
 h - an uncursed ring of fire
 i - an uncursed ring of magical power {unknown}
Wands
 e - a wand of disintegration (17)
Scrolls
 f - 5 scrolls of remove curse
 g - 2 scrolls of identify
Potions
 d - 2 potions of curing
Comestibles
 a - 9 rations


   Skills:
 - Level 2.1 Dodging
 - Level 1.7 Stealth
 * Level 3.7 Spellcasting
 + Level 2.5 Conjurations
 * Level 4.8 Poison Magic


You had 5 spell levels left.
You knew the following spells:

 Your Spells              Type           Power        Failure   Level  Hunger
a - Sting                 Conj/Pois      ###.         3%          1    None
b - Poisonous Vapours     Pois/Air       ##....       9%          2    ##.....
c - Mephitic Cloud        Conj/Pois/Air  ##......     19%         3    ###....


Dungeon Overview and Level Annotations

Branches:
Dungeon (4/15)
 Temple: D:4-7

Altars:
Okawaru
Ru


Innate Abilities, Weirdness & Mutations

Your plain brown scales are hard. (AC +5)
You cannot fit into any form of body armour.
You are cold-blooded and may be slowed by cold attacks.


Message History

The centaur skeleton is severely damaged.
The centaur skeleton barely misses you. x2
You hit the centaur skeleton but do no damage.
The centaur skeleton is severely damaged.
The centaur skeleton hits you.
* * * LOW HITPOINT WARNING * * *
You hit the centaur skeleton but do no damage.
You tail-slap the centaur skeleton.
The centaur skeleton is severely damaged.
The centaur skeleton hits you.
* * * LOW HITPOINT WARNING * * *
The centaur skeleton closely misses you.
You hit the centaur skeleton but do no damage.
The centaur skeleton is severely damaged.
The centaur skeleton hits you.
* * * LOW HITPOINT WARNING * * *
You hit the centaur skeleton.
The centaur skeleton is almost destroyed.
The centaur skeleton hits you!
You die...

...#.........##...
#.#.....###..#.#
#.<.....# ##...#
###.....# ##..#
#.....####...#
#...........##
#..##..#####..##
#..####.Z<# ##..#
...# #.#@## ##.#
#### #.#..####.#
..##.##...#
...##.##.###
....#.....#
#....#.....#
##.......#.#
..#.###.#..# #.
#......


You could see a centaur skeleton.

Vanquished Creatures
  A howler monkey (D:4)
  2 hounds
  Natasha (twice) (D:4)
  4 adders
  2 worms (D:3)
  2 leopard geckos (D:1)
  6 orcs (D:3)
  5 giant cockroaches
  9 goblins
  5 hobgoblins
  4 kobolds
  A quokka (D:2)
  2 ball pythons
  6 bats
  A frilled lizard (D:1)
  A quokka skeleton (D:4)
  6 rats
59 creatures vanquished.

Notes
Turn   | Place    | Note
-------+----------+-------------------------------------------
     0 | D:1      | JeffiDaFish the Draconian Venom Mage began the quest for the Orb.
     0 | D:1      | Reached XP level 1. HP: 14/14 MP: 3/3
   441 | D:1      | Reached XP level 2. HP: 20/20 MP: 3/5
  1273 | D:2      | Reached XP level 3. HP: 24/26 MP: 3/6
  1393 | D:2      | Found a sacrificial altar of Ru.
  1417 | D:2      | Learned a level 2 spell: Poisonous Vapours
  1421 | D:2      | Learned a level 3 spell: Mephitic Cloud
  1830 | D:2      | Found a faded altar of an unknown god.
  2085 | D:2      | Found an iron altar of Okawaru.
  2494 | D:3      | Reached XP level 4. HP: 5/33 MP: 1/8
  2899 | D:3      | Reached skill level 4 in Poison Magic
  3285 | D:4      | Noticed Natasha
  3300 | D:4      | Killed Natasha
  3300 | D:4      | Reached XP level 5. HP: 22/38 MP: 1/10
  3683 | D:4      | Noticed Natasha
  3691 | D:4      | Killed Natasha
  3808 | D:4      | Slain by a centaur skeleton

Vault maps used:
D:1:      dpeg_arrival_castle, lemuel_flame_loot_1
D:2:      lemuel_round_altar, chequers_ecumenical_altar_twisty,
          nicolae_ru_the_path_less_chosen
D:3:      lemuel_zombie_altar_kikubaaqudgha, lemuel_tele_altar
D:4:      grunt_temple_overflow_open, nicolae_ossuary_entry_false_entrances,
          uniq_natasha

Skill      XL: |  1  2  3  4 |
---------------+-------------+-----
Dodging        | 2 |  2.1
Poison Magic   | 4 |  4.8
Spellcasting   | 3 |  3.7
Conjurations   | 2 |  2.5
Stealth        | |  1.7

Action                   |  1- 3 |  4- 6 || total
-------------------------+-------+-------++-------
Melee: Unarmed           |    34 |       ||    34
       Tailslap          |     6 |     8 ||    14
       Short sword       |    64 |    93 ||   157
 Cast: Sting             |    47 |    10 ||    57
       Poisonous Vapours |     6 |    14 ||    20
  Use: Scroll            |     7 |       ||     7
       Potion            |     6 |     1 ||     7
 Stab: Sleeping          |     3 |       ||     3
  Eat: Chunk             |     6 |     5 ||    11
Armor: Skin              |    30 |    33 ||    63
Dodge: Dodged            |    75 |    78 ||   153

Table legend:
 A = Spawn XP
 B = Non-spawn XP
 C = Spawn XP percentage of total XP
 D = Spawn monster count
 E = Non-spawn monster count
 F = Spawn count percentage of total count
 G = Total turns spent on level
                    A         B        C        D         E        F      G
               +---------+---------+-------+---------+---------+-------+---------
         Total |       0 |     359 |   0.0 |       0 |      59 |   0.0 |  3808
               +---------+---------+-------+---------+---------+-------+---------
           D:1 |       0 |      38 |   0.0 |       0 |      21 |   0.0 |  1244
           D:2 |       0 |      20 |   0.0 |       0 |      14 |   0.0 |   912
           D:3 |       0 |     118 |   0.0 |       0 |      18 |   0.0 |  1465
           D:4 |       0 |     183 |   0.0 |       0 |       6 |   0.0 |   187
               +---------+---------+-------+---------+---------+-------+---------
